 Dungeon Crawl Stone Soup version 0.30-a0-632-g346586fe48 (webtiles) character file.

Game seed: 7596110545159712786

44 MachoJfn the Sneak (level 3, 0/17 HPs)
             Began as a Vine Stalker Enchanter on Jan 13, 2023.
             Succumbed to an adder's poison
             ... on level 2 of the Dungeon.
             The game lasted 00:06:58 (1188 turns).

MachoJfn the Sneak (Vine Stalker Enchanter)         Turns: 1188, Time: 00:06:59

Health: 0/17       AC:  4    Str: 12    XL:     3   Next: 62%
Magic:  4/7        EV: 11    Int: 15    God:
Gold:   62         SH:  0    Dex: 14    Spells: 4/6 levels left

rFire   . . .      SeeInvis .    e - +0 trident
rCold   . . .      Faith    .    (no shield)
rNeg    . . .      Spirit   +    b - +0 leather armour
rPois   .          Reflect  .    d - +1 hat
rElec   .          Harm     .    (no cloak)
rCorr   .          Rampage  .    (no gloves)
Will    .....                    (no boots)
Stlth   ++                       (no amulet)
HPRegen 0.22/turn                (no ring)
MPRegen 0.10/turn                (no ring)

@: lethally poisoned (0 -> -5)
A: fangs 2, magic shield, antimagic bite, no potion heal 2
a: no special abilities


You were on level 2 of the Dungeon.
You visited 1 branch of the dungeon, and saw 2 of its levels.

You collected 62 gold pieces.

Inventory:

Hand Weapons
 e - a +0 trident (weapon)
Armour
 b - a +0 leather armour (worn)
 d - a +1 hat (worn)
Scrolls
 f - a scroll of teleportation {unknown}
 g - a scroll of enchant armour {unknown}
Potions
 a - a potion of ambrosia {unknown}
 c - 2 potions of invisibility


   Skills:
 + Level 0.3 Fighting
 + Level 1.3 Short Blades
 + Level 0.7 Polearms
 + Level 1.6 Dodging
 + Level 4.3 Stealth
 + Level 2.3 Spellcasting
 + Level 3.4 Hexes


You had 4 spell levels left.
You knew the following spells:

 Your Spells              Type           Power      Damage    Failure   Level
a - Ensorcelled Hibernat  Hex/Ice        12%        N/A       21%         2

Your spell library contained the following spells:

 Spells                   Type           Power      Damage    Failure   Level
 Confusing Touch          Hex            12%        N/A       21%         3
 Tukima's Dance           Hex            12%        N/A       21%         3
 Dazzling Flash           Conj/Hex       12%        N/A       38%         3
 Spider Form              Tmut/Pois      1%         N/A       63%         3
 Anguish                  Hex/Necr       3%         N/A       80%         4


Dungeon Overview and Level Annotations

Branches:
Dungeon (2/15)

Altars:


Innate Abilities, Weirdness & Mutations

You have extremely sharp teeth.
When hurt, damage is shared between your health and your magic reserves.
Your bite disrupts and absorbs the magic of your enemies.
Potions cannot restore your health.


Message History

You open the door.
There is an open door here.
A kobold comes into view. It is wielding a +0 dagger.
The kobold shouts!
The kobold barely misses you.
You puncture the kobold!
You kill the kobold!
Things that are here:
a +0 dagger; a kobold corpse You open the door.
There is an open door here.
An adder comes into view.
The adder hisses angrily.
The adder bites you but does no damage.
Found a stone staircase leading down.
The adder closely misses you.
You barely miss the adder. Your bite misses the adder. The adder bites you. x2
You are poisoned.
The adder poisons you!
You closely miss the adder.
You feel sick. The adder bites you.
You barely miss the adder. You bite the adder, but do no damage.
You feel sick. The adder bites you. The adder bites you but does no damage.
You hit the adder.
The adder is lightly wounded.
You feel sick. The adder bites you.
You are more poisoned.
The adder poisons you!
You miss the adder.
The adder is lightly wounded.
You feel sick. The adder closely misses you. The adder bites you.
* * * LOW HITPOINT WARNING * * *
You are more poisoned.
The adder poisons you!
You miss the adder. Your bite misses the adder.
The adder is lightly wounded.
* * * LOW HITPOINT WARNING * * *
You feel very sick. The adder closely misses you.
The adder bites you but does no damage.
You closely miss the adder. Your bite misses the adder.
The adder is lightly wounded.
You die...

#############
#...#.......#
#.#.#.#####.# ##. #
#.#.#.# ##'##
#...#.##...#)# #...#
#...@...#.# #...#
###.S...#.# #...# ##
#.......#.# #...# #.
###.#.###.#.# #...#
#. #...#.#...#.#
#...###.
......#'###.#
#...'.'. ##.
###......####...###.
#>
+...............#.
#.........#####...


You could see an adder.

Vanquished Creatures
  An adder (D:2)
  A worm (D:2)
  5 endoplasms
  2 giant cockroaches
  3 hobgoblins
  6 kobolds
  2 quokkas
  3 ball pythons (D:1)
  3 bats
  A frilled lizard (D:1)
  4 goblins
  A rat (D:1)
32 creatures vanquished.

Notes
Turn   | Place    | Note
-------+----------+-------------------------------------------
     0 | D:1      | MachoJfn the Vine Stalker Enchanter began the quest for the
                  | Orb.
     0 | D:1      | Reached XP level 1. HP: 9/9 MP: 4/4
   129 | D:1      | Reached XP level 2. HP: 13/14 MP: 4/6
   227 | D:1      | Reached skill level 4 in Stealth
   318 | D:1      | Reached skill level 1 in Short Blades
   805 | D:2      | Reached XP level 3. HP: 15/17 MP: 5/7
   982 | D:2      | Learned a level 2 spell: Ensorcelled Hibernation
  1188 | D:2      | Succumbed to an adder's poison

Illustrated notes

Levels and vault maps discovered:
D:1:      minmay_arrival_stone_box, layout_basic, nicolae_eternal_life
D:2:      layout_basic

Skill      XL: |  1  2 |
---------------+-------+-----
Stealth        | 4 |  4.3
Short Blades   | 1 |  1.3
Fighting       | |  0.3
Polearms       | |  0.7
Dodging        | |  1.6
Spellcasting   | |  2.3
Hexes          | |  3.4

Action                   || total
-------------------------++-------
Melee: Dagger            ||    17
       Bite              ||    22
       Trident           ||    66
       Punch             ||     1
  Use: Scroll            ||     1
       Potion            ||     1
 Stab: Sleeping          ||    10
Armor: Robe              ||    14
       Leather armour    ||     9
Dodge: Dodged            ||    48

Table legend: (Time is in decaauts)
 A = Elapsed time spent in this place.
 B = Non-inter-level travel time spent in this place.
 C = Inter-level travel time spent in this place.
 D = Time resting spent in this place.
 E = Time spent auto-exploring this place.
 F = Levels seen in this place.
 G = Mean time per level.
                   A        B        C        D        E       F      G
               +--------+--------+--------+--------+--------+-----+--------+
         Total |   1205 |   1003 |    202 |     91 |    622 |   2 |  602.5 |
       Dungeon |   1205 |   1003 |    202 |     91 |    622 |   2 |  602.5 |
               +--------+--------+--------+--------+--------+-----+--------+

Top non-repeatable levels by time:
     D:1: 711 daAuts
     D:2: 494 daAuts
